Map: Объект 2E

Players

FAQ - Winner!

  • Race: Terran Terran
  • League: Bronze
  • Spawn Location: 5:00

Asbest - Winner!

  • Race: Protoss Protoss
  • Spawn Location: 6:00

ИИ 2 (мастер)

  • Race: Protoss Protoss
  • Spawn Location: 12:00

ИИ 3 (мастер)

  • Race: Terran Terran
  • Spawn Location: 11:00

VOD

Have the link to the VOD?

Description

Time

  • Played on: Nov. 7, 2017, 1:14 p.m.
  • Length: 31:38
Show
View Real Time Build Order
Export as new Build Order

FAQ Terran - Winner!

Build Orders:  

Get SALT Encoding   

  12  0:01  SCV  
  13  0:13  SCV  
  14  0:20  Supply Depot  
  14  0:25  SCV  
  15  0:32  Refinery  
  15  0:43  Barracks  
  15  0:46  SCV  
  16  0:58  SCV  
  16  1:02  Refinery  
  17  1:10  SCV  
  18  1:22  SCV  
  18  1:24  Supply Depot  
  19  1:34  SCV  
  19  1:35  Factory  
  20  1:50  Orbital Command  
  20  1:54  Barracks Reactor  
  20  2:21  Factory Tech Lab  
  20  2:28  Factory  
  20  2:36  SCV  
  21  2:40  Siege Tank  
  24  2:49  SCV  
  25  3:01  SCV  
  26  3:13  Factory Tech Lab  
  26  3:15  Command Center  
  26  3:22  Siege Tank  
  29  3:31  SCV  
  30  3:41  Siege Tank  
  30  3:42  Supply Depot  
  33  3:48  Refinery  
  33  3:57  Siege Tank  
  33  4:00  SCV  
  37  4:12  SCV  
  38  4:19  Refinery  
  38  4:20  Siege Tank  
  41  4:30  Orbital Command, SCV  
  42  4:42  SCV  
  43  4:47  Cyclone  
  46  4:55  Siege Tank  
  49  5:00  Starport  
  49  5:08  SCV x2  
  51  5:20  SCV x2  
  53  5:32  SCV x2  
  55  5:37  Siege Tank x2  
  55  5:38  Starport Tech Lab  
  61  5:44  SCV  
  61  5:49  Supply Depot  
  62  5:54  SCV  
  63  5:58  SCV  
  64  6:06  SCV  
  64  6:10  SCV  
  66  6:14  Supply Depot  
  66  6:18  SCV  
  67  6:22  SCV  
  67  6:24  Command Center  
  68  6:27  Siege Tank  
  68  6:30  SCV  
  72  6:34  SCV  
  73  6:44  Siege Tank  
  76  6:47  SCV  
  76  6:48  SCV  
  78  6:57  Supply Depot  
  78  7:00  SCV x2  
  80  7:03  Siege Tank  
  83  7:19  Supply Depot  
  83  7:20  SCV x2  
  85  7:37  Engineering Bay  
  85  7:38  Refinery  
  85  7:40  Engineering Bay  
  85  7:41  SCV  
  85  7:42  SCV  
  85  7:43  Orbital Command  
  87  7:44  Armory  
  87  7:46  Siege Tank x2  
  93  8:04  Factory  
  93  8:05  Refinery  
  93  8:32  Armory  
  93  8:34  Armory  
  93  8:36  Fusion Core  
  93  8:44  SCV x3  
  96  8:56  SCV x3  
  99  9:04  Siege Tank x2  
  99  9:07  Factory Tech Lab  
  99  9:08  SCV x3  
  108  9:21  Factory Tech Lab  
  108  9:32  Starport  
  108  9:34  Starport  
  108  9:39  Ghost Academy  
  108  9:45  Supply Depot  
  108  10:07  Supply Depot  
  108  10:12  Supply Depot  
  108  10:52  Terran Infantry Weapons Level 1, Terran Infantry Armor Level 1  
  108  10:55  Terran Vehicle And Ship Armor Level 1, Terran Vehicle Weapons Level 1, Terran Ship Weapons Level 1  
  108  10:58  Weapon Refit, Command Center  
  108  11:00  Refinery  
  108  11:02  Starport Tech Lab x2  
  108  11:03  Refinery  
  108  11:08  Thor x3  
  126  11:12  Battlecruiser  
  132  11:35  Battlecruiser  
  132  11:36  Battlecruiser  
  144  11:49  Barracks  
  144  11:51  Barracks  
  144  11:59  Thor x3  
  162  12:12  Orbital Command  
  153  12:46  Building Armor, Neosteel Frame  
  153  12:50  SCV x3  
  153  12:51  SCV  
  157  13:52  Missile Turret  
  157  13:53  Missile Turret  
  157  13:54  Missile Turret  
  157  14:11  Terran Vehicle Weapons Level 2  
  157  14:12  Terran Ship Weapons Level 2, Terran Vehicle And Ship Armor Level 2  
  157  14:13  Missile Turret  
  157  14:15  Missile Turret  
  157  14:17  Missile Turret  
  157  14:18  Missile Turret, Barracks Tech Lab  
  157  14:19  Barracks Reactor, Missile Turret  
  157  14:20  Missile Turret  
  157  14:26  Terran Infantry Armor Level 2, Terran Infantry Weapons Level 2  
  157  14:30  Personal Cloaking  
  157  14:35  Missile Turret  
  157  14:39  Missile Turret x2  
  157  14:41  Missile Turret  
  157  14:45  Combat Shields  
  157  15:09  Command Center  
  157  15:12  Refinery  
  157  15:13  Refinery  
  157  15:16  Thor x3  
  157  15:18  Battlecruiser x2  
  157  15:19  Battlecruiser  
  193  15:56  Nuke  
  193  16:03  Concussive Shells  
  187  16:17  Thor x2  
  196  16:22  Raven x2  
  200  16:42  Hi-Sec Auto Tracking  
  200  16:47  Stimpack  
  200  17:02  Terran Infantry Weapons Level 3  
  200  17:04  Terran Vehicle Weapons Level 3, Terran Vehicle And Ship Armor Level 3, Terran Ship Weapons Level 3  
  200  17:35  Orbital Command  
  200  17:39  Terran Infantry Armor Level 3  
  200  17:46  Recalibrated Explosives, High Capacity Fuel Tanks, Corvid Reactor  
  200  18:42  Cloaking Field  
  200  19:04  Advanced Ballistics  
  200  19:05  Hyperflight Rotors  
  200  19:46  Command Center  
  200  19:48  Refinery x2  
  200  19:53  Missile Turret  
  200  19:54  Missile Turret  
  200  19:55  Missile Turret  
  200  19:59  Missile Turret  
  193  20:24  SCV x4  
  182  20:36  SCV x4  
  186  20:58  Battlecruiser x2  
  186  21:01  SCV x2  
  200  21:08  Command Center  
  200  21:12  Refinery x2  
  200  21:16  Missile Turret x2  
  200  21:37  Missile Turret  
  200  21:38  Missile Turret x3  
  200  21:56  Missile Turret  
  200  22:02  Refinery  
  200  22:03  Command Center  
  200  22:04  Missile Turret  
  200  22:07  Missile Turret, Refinery  
  170  22:27  Missile Turret  
  170  22:31  Battlecruiser  
  170  22:32  Battlecruiser x2  
  170  22:34  Thor x2  
  200  23:07  Planetary Fortress  
  200  23:47  Orbital Command  
  200  24:15  Missile Turret  
  187  24:40  Battlecruiser x2  
  157  25:13  Battlecruiser  
  157  25:14  Thor x3  
  176  25:30  SCV x4  
  176  25:31  SCV x2  
  182  26:21  Missile Turret  
  182  26:40  Missile Turret  
  182  27:00  Missile Turret  
  182  27:18  Missile Turret  
  182  27:37  Missile Turret  
  182  27:46  SCV  
  182  27:47  SCV x5  
  182  27:48  SCV  
  195  27:51  Battlecruiser  
  195  27:58  SCV  
  195  27:59  SCV x4  
  200  28:46  Command Center, Refinery x2  
  200  29:11  Drilling Claws, Infernal Pre-Igniter  
  200  30:07  Planetary Fortress  
Show
View Real Time Build Order
Export as new Build Order

Asbest Protoss - Winner!

Build Orders:  

Get SALT Encoding   

  12  0:03  Probe (Chrono Boost)  
  14  0:14  Probe (Chrono Boost)  
  14  0:25  Probe (Chrono Boost)  
  15  0:37  Pylon  
  15  0:42  Assimilator  
  15  0:48  Assimilator  
  15  0:52  Pylon  
  15  1:02  Gateway  
  15  1:03  Probe (Chrono Boost)  
  16  1:13  Probe (Chrono Boost)  
  17  1:24  Probe (Chrono Boost)  
  18  1:34  Probe (Chrono Boost)  
  19  1:45  Probe (Chrono Boost)  
  20  1:55  Probe (Chrono Boost), Forge  
  21  2:06  Probe (Chrono Boost)  
  22  2:13  Pylon  
  22  2:17  Probe (Chrono Boost)  
  22  2:21  Pylon  
  23  2:29  Zealot  
  25  2:40  Pylon  
  25  2:56  Zealot  
  27  2:58  Photon Cannon  
  27  3:08  Photon Cannon  
  27  3:14  Photon Cannon  
  27  3:24  Probe (Chrono Boost)  
  29  3:34  Probe (Chrono Boost), Photon Cannon  
  29  3:45  Probe (Chrono Boost), Photon Cannon  
  30  3:55  Probe (Chrono Boost)  
  31  4:02  Photon Cannon  
  31  4:06  Probe (Chrono Boost)  
  31  4:07  Photon Cannon  
  32  4:14  Pylon  
  32  4:25  Zealot  
  34  4:36  Pylon  
  34  4:53  Zealot  
  34  4:55  Cybernetics Core  
  36  5:14  Pylon  
  36  5:32  Pylon  
  36  5:37  Assimilator  
  36  5:42  Assimilator  
  36  5:53  Photon Cannon  
  36  5:57  Photon Cannon  
  36  6:01  Photon Cannon  
  36  6:15  Stargate  
  36  6:19  Probe (Chrono Boost)  
  37  6:30  Probe (Chrono Boost), Pylon  
  37  6:31  Stalker  
  40  6:40  Probe (Chrono Boost)  
  40  6:41  Pylon  
  41  6:51  Probe (Chrono Boost)  
  42  6:54  Photon Cannon  
  42  7:00  Photon Cannon  
  42  7:01  Stalker  
  44  7:02  Mothership Core (Chrono Boost)  
  46  7:13  Photon Cannon  
  46  7:20  Photon Cannon  
  46  7:26  Photon Cannon  
  46  7:31  Stalker  
  48  7:55  Fleet Beacon  
  48  8:01  Zealot  
  50  8:12  Robotics Facility  
  50  8:26  Twilight Council  
  50  8:28  Zealot  
  52  8:34  Pylon  
  52  8:50  Stargate  
  52  8:57  Robotics Facility  
  52  9:05  Observer  
  52  9:09  Phoenix  
  55  9:27  Observer  
  56  9:34  Phoenix  
  58  9:45  Nexus  
  58  9:48  Observer  
  58  9:51  Assimilator  
  59  9:57  Assimilator  
  59  10:04  Mothership  
  59  10:08  Immortal  
  59  10:10  Observer  
  64  10:31  Templar Archives, Observer  
  71  11:30  Protoss Ground Weapons Level 1  
  71  11:33  Graviton Catapult  
  71  11:39  Probe (Chrono Boost)  
  72  11:50  Probe (Chrono Boost)  
  73  12:00  Probe (Chrono Boost)  
  66  13:16  Carrier (Chrono Boost)  
  66  13:17  Carrier (Chrono Boost)  
  78  13:20  Immortal  
  78  13:22  Immortal  
  78  13:24  Protoss Ground Armor Level 1  
  86  13:32  Robotics Bay  
  86  14:21  Photon Cannon  
  86  14:29  Immortal  
  86  14:30  Immortal  
  94  14:36  Phoenix (Chrono Boost)  
  94  14:37  Phoenix (Chrono Boost)  
  98  14:46  Photon Cannon  
  98  14:50  Photon Cannon  
  98  14:55  Photon Cannon  
  98  14:59  Photon Cannon  
  98  15:09  Photon Cannon  
  98  15:15  Photon Cannon  
  98  15:19  Protoss Shields Level 1  
  98  15:29  Pylon  
  98  15:39  Carrier (Chrono Boost)  
  102  16:40  Carrier (Chrono Boost)  
  102  16:54  Carrier (Chrono Boost)  
  108  17:32  Pylon  
  108  17:55  Carrier (Chrono Boost)  
  114  18:01  Photon Cannon  
  114  18:05  Photon Cannon  
  114  18:11  Assimilator  
  114  18:16  Assimilator  
  114  19:01  Carrier (Chrono Boost)  
  120  19:09  Carrier (Chrono Boost)  
  126  19:27  Colossus  
  126  19:30  Observer  
  133  20:00  Pylon  
  133  20:33  Pylon  
  133  20:41  Photon Cannon  
  133  20:42  Photon Cannon  
  133  20:44  Photon Cannon  
  133  20:49  Photon Cannon  
  133  20:57  Nexus  
  133  21:04  Photon Cannon  
  133  21:05  Photon Cannon  
  133  21:06  Photon Cannon  
  133  21:18  Pylon  
  133  21:21  Assimilator  
  133  21:25  Assimilator  
  133  21:49  Carrier (Chrono Boost)  
  133  21:50  Carrier (Chrono Boost)  
  133  21:51  Pylon  
  145  22:03  Pylon  
  145  22:08  Pylon  
  121  23:04  Carrier (Chrono Boost)  
  127  23:21  Pylon  
  127  23:23  Probe  
  128  23:38  Pylon  
  128  23:40  Pylon  
  128  23:46  Nexus  
  128  24:05  Photon Cannon  
  128  24:06  Photon Cannon  
  128  24:08  Photon Cannon  
  128  24:36  Photon Cannon  
  128  24:41  Photon Cannon  
  128  24:49  Photon Cannon  
  128  24:58  Photon Cannon  
  128  25:19  Photon Cannon  
  128  26:25  Photon Cannon  
  128  26:31  Assimilator  
  128  26:35  Assimilator  
  128  26:37  Carrier (Chrono Boost)  
  128  26:39  Carrier (Chrono Boost)  
  140  26:40  Protoss Ground Weapons Level 2  
  140  26:44  Protoss Air Weapons Level 1  
  140  27:34  Pylon  
  140  27:39  Nexus  
  140  27:43  Assimilator  
  140  27:48  Assimilator  
  140  28:15  Carrier (Chrono Boost)  
  140  28:17  Carrier (Chrono Boost)  
  152  28:32  Photon Cannon  
  152  28:33  Photon Cannon  
  152  28:35  Photon Cannon  
Show
View Real Time Build Order
Export as new Build Order

ИИ 2 (мастер) Protoss 

Build Orders: Zealot Archon 

Get SALT Encoding   

  12  0:01  Probe (Chrono Boost)  
  13  0:11  Probe (Chrono Boost)  
  14  0:21  Pylon  
  14  0:22  Probe (Chrono Boost)  
  15  0:39  Probe (Chrono Boost)  
  16  0:47  Assimilator  
  16  0:50  Probe (Chrono Boost)  
  16  0:51  Gateway  
  17  1:00  Probe (Chrono Boost)  
  17  1:01  Pylon  
  19  1:11  Probe (Chrono Boost)  
  19  1:21  Probe (Chrono Boost)  
  20  1:32  Probe (Chrono Boost)  
  21  1:39  Zealot  
  21  1:41  Cybernetics Core  
  21  1:42  Gateway  
  21  1:46  Probe (Chrono Boost)  
  24  1:57  Pylon, Probe (Chrono Boost)  
  25  2:04  Zealot  
  28  2:09  Probe (Chrono Boost)  
  28  2:15  Warp Gate  
  28  2:21  Probe (Chrono Boost)  
  29  2:28  Adept  
  31  2:30  Adept  
  31  2:35  Gateway  
  33  2:45  Gateway  
  33  2:53  Adept  
  33  2:55  Adept  
  37  3:02  Pylon  
  37  3:03  Probe (Chrono Boost)  
  38  3:20  Adept  
  38  3:21  Adept  
  38  3:22  Adept  
  44  3:31  Adept  
  46  3:37  Pylon  
  46  3:41  Twilight Council  
  46  4:05  Pylon  
  46  4:18  Assimilator  
  46  4:39  Zealot  
  46  4:41  Templar Archives  
  48  4:46  Nexus  
  48  5:17  Stalker, Zealot x2  
  48  5:18  High Templar  
  56  5:25  Pylon  
  56  5:43  Zealot  
  56  5:45  High Templar  
  60  5:54  Stalker, Zealot  
  64  5:57  Archon  
  64  6:00  Probe (Chrono Boost)  
  64  6:01  Probe (Chrono Boost)  
  64  6:02  Pylon  
  66  6:04  Assimilator  
  66  6:07  Assimilator  
  67  6:11  Probe (Chrono Boost)  
  67  6:13  Probe (Chrono Boost)  
  68  6:22  Probe (Chrono Boost)  
  68  6:23  High Templar  
  68  6:24  Probe (Chrono Boost)  
  72  6:31  Zealot  
  74  6:34  Probe (Chrono Boost)  
  74  6:36  Probe (Chrono Boost)  
  76  6:42  High Templar, Zealot  
  76  6:45  Probe (Chrono Boost)  
  82  6:48  Probe (Chrono Boost)  
  82  6:51  Stalker  
  82  6:53  Stalker  
  86  6:57  Probe (Chrono Boost), Pylon  
  86  7:00  Probe (Chrono Boost)  
  88  7:01  Sentry  
  91  7:09  Probe (Chrono Boost)  
  91  7:11  Probe (Chrono Boost)  
  91  7:12  Stalker  
  94  7:17  Robotics Facility  
  94  7:19  Pylon  
  94  7:20  Probe (Chrono Boost)  
  94  7:23  Probe (Chrono Boost)  
  94  7:26  Stalker  
  88  7:30  Stalker  
  88  7:31  Probe (Chrono Boost)  
  88  7:35  Probe (Chrono Boost), Stalker  
  94  7:41  Stalker  
  94  7:42  Probe (Chrono Boost)  
  97  7:48  Probe (Chrono Boost)  
  97  7:49  Sentry  
  97  7:50  Pylon  
  100  7:53  Probe (Chrono Boost)  
  100  7:58  Archon, High Templar  
  101  8:05  Observer  
  103  8:12  Pylon, Zealot x3  
  110  8:22  Nexus  
  110  8:28  Zealot  
  110  8:31  Zealot  
  110  8:32  High Templar  
  116  8:34  Zealot  
  118  8:43  Pylon  
  118  8:45  Archon  
  118  8:46  Zealot  
  120  8:50  High Templar  
  120  8:53  Zealot  
  124  9:02  High Templar  
  126  9:05  Zealot  
  126  9:08  Pylon  
  128  9:12  Zealot  
  128  9:16  Archon  
  130  9:21  High Templar  
  130  9:23  High Templar  
  134  9:30  Zealot  
  134  9:31  Pylon  
  136  9:32  Zealot, Immortal  
  136  9:36  Probe x3 (Chrono Boost)  
  145  9:47  Probe (Chrono Boost)  
  145  9:48  Probe (Chrono Boost)  
  145  9:49  Probe (Chrono Boost), Zealot  
  150  9:56  Pylon  
  150  9:58  Probe (Chrono Boost)  
  152  10:00  Probe x2 (Chrono Boost)  
  153  10:07  Immortal  
  153  10:09  Probe (Chrono Boost)  
  153  10:11  Probe (Chrono Boost)  
  153  10:12  Probe (Chrono Boost)  
  160  10:20  Probe (Chrono Boost)  
  161  10:22  Probe (Chrono Boost)  
  161  10:23  Pylon, Probe (Chrono Boost)  
  163  10:30  Probe (Chrono Boost)  
  164  10:38  Assimilator  
  164  10:41  Immortal  
  164  10:42  Assimilator  
  168  10:51  Pylon  
  168  11:02  Probe x2 (Chrono Boost)  
  171  11:04  Probe (Chrono Boost)  
  171  11:12  Probe (Chrono Boost)  
  171  11:13  Pylon  
  172  11:18  Observer  
  173  11:25  Forge  
  173  11:27  Pylon  
  173  11:30  Forge  
  173  11:31  Stalker  
  173  11:32  Stalker  
  177  11:33  Pylon  
  177  11:35  Stalker, Warp Prism  
  177  11:37  Stalker  
  183  11:52  Sentry  
  185  12:00  Photon Cannon  
  185  12:03  Photon Cannon  
  185  12:05  Pylon  
  185  12:06  Stalker  
  185  12:07  Stalker  
  185  12:08  Immortal  
  189  12:09  Pylon  
  189  12:10  Nexus  
  189  12:12  Psionic Storm  
  189  12:14  Protoss Ground Armor Level 1, Protoss Ground Weapons Level 1  
  193  12:26  Photon Cannon  
  193  12:28  Zealot  
  193  12:29  Photon Cannon  
  179  12:30  Zealot  
  179  12:32  Photon Cannon, Zealot  
  179  12:35  Zealot  
  125  12:46  Observer  
  125  12:47  Zealot  
  125  12:50  Zealot  
  130  12:51  Zealot  
  130  12:55  Sentry  
  134  13:04  Immortal  
  134  13:06  Zealot  
  134  13:09  Archon, Zealot  
  134  13:11  Adept  
  144  13:17  Zealot  
  146  13:23  Probe (Chrono Boost)  
  146  13:24  Probe (Chrono Boost)  
  146  13:25  Probe (Chrono Boost), Zealot  
  151  13:30  Zealot, Sentry  
  155  13:36  Zealot  
  155  13:40  Immortal  
  157  13:43  Photon Cannon, Zealot  
  157  13:48  Zealot  
  165  13:49  Photon Cannon  
  165  13:51  Adept  
  165  13:55  Stalker  
  169  13:56  Photon Cannon  
  169  13:59  Pylon  
  169  14:02  Adept  
  171  14:06  Zealot  
  173  14:10  High Templar  
  173  14:15  Warp Prism  
  173  14:16  High Templar  
  177  14:21  Sentry  
  177  14:22  Photon Cannon  
  181  14:25  Sentry  
  181  14:27  Pylon  
  183  14:32  Archon  
  183  14:39  Zealot  
  183  14:40  Protoss Ground Armor Level 2, Assimilator  
  183  14:41  Zealot, Protoss Shields Level 1  
  183  14:45  Zealot, High Templar  
  189  14:48  Assimilator  
  189  14:52  Photon Cannon  
  191  14:56  Photon Cannon  
  191  14:57  High Templar  
  191  14:59  Stalker  
  195  15:00  Photon Cannon  
  195  15:04  Zealot  
  197  15:12  Archon  
  197  15:15  High Templar  
  197  15:16  Observer  
  199  15:35  Observer, High Templar  
  200  15:42  Photon Cannon  
  200  15:46  Nexus  
  200  15:50  Archon  
  200  15:56  Archon  
  200  15:58  Archon  
  200  15:59  Observer  
  200  16:01  Zealot  
  200  16:03  Zealot  
  200  16:04  Zealot x2  
  195  16:07  Gateway  
  165  16:13  Stargate  
  165  16:16  Immortal  
  165  16:17  Photon Cannon  
  145  16:20  Zealot  
  145  16:21  Stalker  
  145  16:22  Sentry  
  145  16:23  Zealot  
  155  16:39  Adept  
  157  16:41  Zealot  
  157  16:42  Zealot  
  157  16:43  Adept  
  157  16:45  Robotics Facility  
  163  16:48  Forge  
  163  16:51  Photon Cannon, Immortal  
  163  16:53  Void Ray  
  163  16:57  Zealot  
  163  17:00  High Templar  
  163  17:01  Adept, Zealot, Sentry  
  177  17:07  Assimilator  
  181  17:09  Protoss Ground Weapons Level 2  
  181  17:10  Protoss Shields Level 2  
  181  17:15  Stalker, Assimilator  
  183  17:19  Zealot  
  183  17:20  Zealot  
  187  17:26  Zealot, Immortal  
  187  17:27  Immortal  
  187  17:29  Zealot  
  191  17:32  Pylon  
  199  17:47  Protoss Ground Armor Level 3  
  199  17:54  Charge  
  199  18:23  High Templar  
  200  18:29  Gateway  
  200  18:33  Robotics Facility, Nexus  
  200  18:37  Observer  
  200  18:39  Zealot  
  199  18:44  Observer  
  198  18:53  Zealot  
  200  19:03  Robotics Bay  
  200  19:15  Protoss Shields Level 3  
  200  19:17  Protoss Ground Weapons Level 3  
  200  19:22  Gateway  
  200  19:25  Blink  
  200  19:37  Observer  
  200  19:46  Observer Gravitic Boosters  
  200  19:52  Assimilator  
  200  19:55  Pylon  
  200  19:57  Assimilator, Observer  
  197  20:00  Zealot  
  197  20:01  Pylon, Zealot  
  197  20:02  Nexus  
  197  20:03  Zealot  
  197  20:04  Zealot x2  
  197  20:05  Zealot  
  197  20:06  Immortal  
  189  20:07  Immortal  
  187  20:16  Zealot  
  187  20:18  Immortal  
  187  20:20  Zealot  
  189  20:21  Stalker  
  189  20:22  Stalker  
  189  20:23  Zealot x2  
  189  20:24  Zealot  
  189  20:27  Void Ray  
  183  20:29  Photon Cannon  
  143  20:36  Zealot  
  143  20:40  Zealot  
  143  20:41  Zealot  
  143  20:42  Zealot x2, Immortal x2  
  134  20:43  Stalker  
  134  20:44  Zealot  
  146  20:55  Stalker, Immortal  
  148  21:01  Sentry x2  
  148  21:02  Adept, High Templar  
  148  21:03  Zealot  
  162  21:05  Stalker  
  162  21:08  Void Ray  
  168  21:12  Probe (Chrono Boost)  
  168  21:15  Archon  
  168  21:16  Colossus  
  168  21:17  High Templar  
  170  21:20  Observer  
  170  21:21  Adept, Stalker  
  170  21:25  High Templar  
  183  21:30  Immortal  
  183  21:36  Immortal  
  187  21:40  Archon  
  187  21:43  High Templar  
  187  21:46  Void Ray  
  193  21:50  High Templar  
  199  22:17  Stalker x2  
  199  22:18  Zealot x2, Immortal  
  199  22:19  Zealot x2  
  199  22:20  Zealot, Immortal  
  199  22:22  Immortal  
  179  22:27  Void Ray  
  158  22:36  Stalker  
  156  22:37  Adept, Zealot, High Templar  
  156  22:38  Zealot  
  156  22:39  Stalker  
  156  22:40  Sentry  
  168  22:50  Archon  
  168  22:54  Immortal  
  168  22:55  Adept  
  168  22:56  Zealot  
  168  22:58  Observer, Zealot x2, Immortal  
  180  22:59  Sentry  
  180  23:01  Zealot  
  180  23:05  Void Ray  
  189  23:07  High Templar  
  195  23:14  Zealot  
  195  23:15  Stalker  
  199  23:22  High Templar  
  200  23:37  Archon  
  200  24:22  Stalker  
  200  24:23  Stalker, High Templar, Sentry  
  190  24:24  Stalker, Zealot, Sentry  
  190  24:25  Immortal x3  
  190  24:27  Void Ray  
  172  24:43  Zealot  
  172  24:44  Stalker, Zealot, High Templar  
  172  24:45  Zealot  
  182  24:46  Zealot  
  184  24:55  Zealot  
  184  24:59  Colossus  
  170  25:00  Colossus  
  170  25:01  Zealot, Immortal  
  170  25:03  Zealot x2  
  170  25:04  High Templar  
  170  25:05  High Templar  
  170  25:07  Void Ray  
  170  25:13  Zealot  
  158  25:14  Zealot  
  158  25:20  Sentry  
  146  25:22  Sentry  
  146  25:23  High Templar  
  120  25:32  High Templar  
  120  25:33  High Templar, Sentry  
  114  25:36  High Templar  
  114  25:41  Adept  
  112  25:43  Sentry  
  112  25:46  Void Ray  
  114  25:52  Sentry  
  114  25:54  Stalker  
  122  25:59  Stalker, Observer  
  122  26:02  Stalker x2  
  128  26:05  Stalker, High Templar  
  130  26:14  Zealot  
  130  26:16  Zealot  
  130  26:17  Archon  
  134  26:21  Stalker  
  134  26:23  Stalker, High Templar  
  134  26:26  Adept, Void Ray  
  134  26:27  Observer  
  127  26:33  Sentry  
  127  26:34  High Templar  
  127  26:35  Zealot  
  117  26:42  Stalker  
  117  26:45  High Templar  
  97  26:50  Observer  
  97  26:52  Sentry  
  97  26:54  Adept, High Templar  
  70  27:12  High Templar  
  70  27:13  Sentry  
  70  27:14  High Templar  
  70  27:16  Pylon  
  70  27:20  Templar Archives  
  70  27:22  Zealot  
  66  27:38  Pylon  
  66  27:40  Zealot  
  68  27:47  Cybernetics Core  
  68  27:56  High Templar, Gateway  
  70  28:02  Pylon  
  70  28:48  Cybernetics Core  
  70  28:51  Zealot  
  72  29:07  Gateway  
  72  29:09  Zealot  
  74  29:11  Pylon  
  74  29:27  Sentry  
  74  29:30  Robotics Facility  
  76  29:40  Twilight Council  
  76  29:47  Pylon, Sentry  
  78  30:01  Stalker  
  77  30:07  Stalker  
  77  30:12  Pylon  
  66  30:15  Observer  
  66  30:16  Pylon  
  66  30:20  Templar Archives  
  57  30:21  Zealot  
  52  30:28  Adept  
  40  30:40  Zealot  
Show
View Real Time Build Order
Export as new Build Order

ИИ 3 (мастер) Terran 

Build Orders: MMM Bio 

Get SALT Encoding   

  12  0:01  SCV  
  13  0:13  SCV  
  14  0:19  Supply Depot  
  14  0:25  SCV  
  15  0:30  Refinery  
  15  0:41  SCV  
  16  0:49  Barracks  
  16  0:53  SCV  
  17  1:05  SCV  
  18  1:17  SCV  
  19  1:35  Orbital Command  
  19  1:36  Marine  
  20  1:40  Factory  
  20  1:42  Supply Depot  
  20  1:55  Marine  
  20  1:56  Barracks  
  22  2:01  SCV  
  22  2:14  Barracks Tech Lab  
  22  2:17  SCV  
  23  2:25  Supply Depot  
  23  2:27  Hellion  
  25  2:33  Marauder  
  25  2:35  Concussive Shells  
  27  2:43  Barracks Tech Lab  
  27  2:48  Hellion  
  27  2:49  SCV  
  30  2:55  Marauder  
  32  3:02  Marauder, Supply Depot  
  34  3:09  Hellion  
  36  3:16  Marauder  
  38  3:24  Marauder  
  40  3:28  Supply Depot  
  40  3:31  Hellion  
  42  3:38  Marauder  
  42  3:39  Refinery  
  42  3:40  SCV  
  45  3:45  Marine  
  46  3:54  Starport, SCV  
  47  3:58  Marine  
  48  4:03  Marine  
  48  4:07  SCV  
  50  4:16  Marine  
  51  4:19  SCV  
  51  4:21  Marine  
  53  4:30  Stimpack  
  53  4:33  Medivac  
  53  4:35  Supply Depot  
  55  4:57  Marine, Marauder  
  55  4:59  Barracks  
  58  5:04  Command Center  
  58  5:12  Supply Depot  
  58  5:14  Marine  
  58  5:19  Marine  
  60  5:32  Marine  
  61  5:38  Factory Tech Lab, Marauder  
  63  5:47  Barracks Reactor, Supply Depot  
  63  5:50  Marine  
  63  5:56  Siege Tank  
  67  5:58  Marine  
  68  6:08  Marauder  
  70  6:17  Marauder, SCV, Supply Depot  
  73  6:23  Marine, SCV  
  75  6:28  Siege Tank  
  75  6:29  SCV  
  79  6:35  SCV  
  80  6:41  SCV  
  80  6:43  Combat Shields  
  81  6:47  SCV  
  81  6:53  SCV  
  83  6:54  Engineering Bay  
  83  6:59  SCV  
  83  7:00  Siege Tank  
  87  7:05  SCV  
  88  7:11  SCV  
  88  7:13  Refinery  
  89  7:18  Liberator, SCV  
  89  7:20  Terran Infantry Weapons Level 1  
  90  7:23  SCV  
  90  7:24  Refinery  
  90  7:26  Supply Depot  
  91  7:30  SCV  
  91  7:35  SCV  
  91  7:36  Marauder  
  98  7:42  SCV  
  99  7:56  SCV  
  99  7:57  Supply Depot  
  101  7:58  SCV  
  101  8:05  Marauder  
  103  8:06  Liberator  
  103  8:08  SCV  
  103  8:09  Marauder  
  103  8:11  SCV  
  107  8:20  SCV  
  107  8:23  SCV, Supply Depot  
  107  8:26  Marauder  
  114  8:32  SCV  
  115  8:41  Engineering Bay  
  115  8:46  Armory  
  115  8:49  Liberator  
  109  8:58  Marauder  
  109  9:02  Supply Depot  
  109  9:05  Marauder  
  109  9:06  Terran Infantry Armor Level 1  
  114  9:19  Marauder  
  116  9:24  Siege Tank  
  116  9:27  Marauder, Supply Depot  
  121  9:32  Liberator  
  121  9:36  Terran Vehicle Weapons Level 1  
  121  9:41  Marauder  
  123  9:48  Marauder  
  128  9:54  Supply Depot  
  128  9:57  Siege Tank  
  131  10:14  Liberator  
  131  10:16  Orbital Command  
  131  10:19  Barracks  
  131  10:22  Supply Depot  
  131  10:24  Missile Turret  
  131  10:27  Missile Turret  
  134  10:48  Supply Depot  
  134  10:49  Marine  
  135  10:50  Marine  
  136  10:58  Liberator  
  136  11:03  Fusion Core  
  136  11:09  Missile Turret  
  136  11:15  Supply Depot  
  139  11:34  Missile Turret  
  139  11:36  Siege Tank  
  142  11:41  Liberator  
  142  11:45  Terran Vehicle And Ship Armor Level 1  
  142  11:46  Missile Turret  
  142  11:50  Supply Depot  
  142  11:58  Armory  
  145  12:08  Missile Turret  
  147  12:16  Widow Mine  
  147  12:25  Terran Infantry Weapons Level 2  
  141  12:32  Missile Turret  
  132  12:37  Siege Tank  
  132  12:42  Starport Reactor  
  135  12:54  Marauder  
  135  12:57  Marauder  
  129  13:01  Liberator  
  129  13:02  Marine  
  129  13:03  Marine  
  117  13:09  Siege Tank  
  120  13:14  Marine  
  120  13:15  Marauder  
  120  13:18  Marauder  
  120  13:19  Marine, Viking  
  131  13:32  Marine  
  131  13:33  Marine  
  133  13:37  Marauder  
  133  13:40  Marauder  
  137  13:41  Siege Tank  
  137  13:44  Liberator  
  140  13:49  Viking  
  140  13:52  Supply Depot  
  142  13:58  Marauder  
  142  14:01  Marauder  
  149  14:19  Marauder, Viking  
  153  14:28  Supply Depot  
  153  14:32  Liberator  
  153  14:44  Viking  
  158  14:57  Liberator  
  161  15:15  Marine  
  161  15:16  Marine  
  161  15:17  Marine  
  161  15:18  Marine  
  161  15:20  Supply Depot  
  165  15:32  Viking  
  164  15:56  Medivac  
  149  16:02  Viking  
  151  16:04  Marine  
  151  16:05  Marine  
  151  16:06  Marine  
  151  16:07  Marine  
  142  16:23  Marauder x2  
  146  16:26  Viking  
  146  16:32  Medivac  
  150  16:44  Marauder  
  152  16:56  Viking  
  154  17:02  Medivac  
  156  17:14  Liberator  
  156  17:26  Viking  
  161  17:39  Liberator  
  161  17:57  Liberator  
  167  18:39  Viking  
  145  18:57  Viking  
  147  19:09  Viking  
  149  19:10  Liberator  
  149  19:22  Liberator  
  155  19:53  Liberator  
  155  20:05  Liberator  
  161  20:36  Liberator  
  160  22:16  Marine  
  160  22:17  Marauder  
  160  22:22  Marine  
  137  22:25  Marine  
  137  22:26  Marine  
  115  22:34  Marine  
  100  22:38  Marine  
  100  22:40  Marine  
  100  22:43  Marine  
  100  22:44  Marine  
  90  22:52  Marauder  
  90  22:56  Marine  
  90  22:58  Marine  
  94  23:01  Marine  
  95  23:19  Marauder  
  99  23:20  Marauder  
  99  23:38  Marine  
  99  23:39  Marine  
  99  23:40  Marauder  
  105  23:41  Marauder  
  105  24:02  Marauder x2  
  109  24:47  Marauder  
  111  25:02  Marine  
  111  25:05  Marine  
  113  25:07  Marine  
  113  25:08  Marine  
  114  25:27  Marine  
  115  25:31  Marine  
  106  25:35  Marine  
  106  25:36  Marine  
  106  25:37  Marine  
  97  25:45  Marine  
  97  25:48  Marine  
  70  25:53  Marine  
  70  25:54  Marine  
  70  25:55  Marine  
  73  26:03  Marine  
  74  26:06  Marine  
  75  26:22  Marine  
  76  26:28  Marine  
  77  26:36  Marine  
  77  26:37  Marine  
  78  27:32  Marine  
  78  27:34  Marine  
  78  27:41  Marine  
  77  27:44  Marine  
  77  27:47  Marine  
  77  27:50  Marine  
  76  27:52  Marine  
  70  27:59  Marine  
  70  28:02  Marine  
  70  28:05  Marine  
  70  28:07  Marine  
  70  28:10  Marine  
  72  28:17  Marine  
  72  28:19  Marine  
  73  28:25  Marine  
  74  28:37  Marine  
  67  28:42  Marine x2  
  67  28:44  Marine  
  67  28:45  Marine  
  45  28:59  Marine  
  45  29:00  Marine  
  37  29:03  Marine  
  33  29:10  Barracks  
  30  29:34  Barracks  
  27  29:42  Supply Depot  
  5  30:31  Supply Depot  
  5  30:32  Command Center  
  3  30:55  Barracks  
Tags
 
Add a new tag
Caveats
  • Supply blocks, unpowered buildings, or Contaminate may cause inaccurate times.
  • Supply counts are checked every 10 seconds.